 Dungeon Crawl Stone Soup version 0.21-a0-369-g397cdb2 (webtiles) character file.

210004 Monsterracer the Executioner (level 18, 0/172 HPs)
             Began as a Hill Orc Berserker on Oct 15, 2017.
             Was the Champion of Trog.
             Hit by a tomahawk thrown by a merfolk (9 damage)
             ... on level 4 of the Shoals.
             The game lasted 00:43:22 (33562 turns).

Monsterracer the Executioner (Hill Orc Berserker)  Turns: 33562, Time: 00:43:23

Health: 0/172      AC: 32    Str: 28    XL:     18   Next: 32%
Magic:  18/18      EV: 13    Int:  7    God:    Trog [******]
Gold:   1927       SH:  0    Dex: 13    Spells: 17/17 levels left

rFire    . . .     SeeInvis +   a - +7 executioner's axe (chop)
rCold    + . .     Gourm    .   (shield currently unavailable)
rNeg     + . .     Faith    .   L - +2 plate armour {rPois}
rPois    +         Spirit   .   O - +1 helmet of Time Monsters {-Cast Dex+3 Stlth+}
rElec    .         Reflect  .   E - +2 cloak
rCorr    .         Harm     .   g - +2 pair of gloves
MR       +++..     NoCast   +   b - +1 pair of boots
Stlth    ..........             H - amulet of regeneration
HPRegen  0.78/turn              Q - ring of protection from cold
MPRegen  0.16/turn              p - ring of Lucidity {+Fly rN+ MR++ SInv Stlth-}

@: very slightly contaminated, invisible, very slow
A: no striking features
}: 2/15 runes: serpentine, barnacled
a: Berserk, Trog's Hand, Brothers in Arms, Burn Spellbooks, Renounce Religion,
Evoke Flight


You were on level 4 of the Shoals.
You worshipped Trog.
Trog was exalted by your worship.
You were not hungry.

You visited 5 branches of the dungeon, and saw 31 of its levels.
You also visited: Ice Cave.

You collected 3179 gold pieces.
You spent 1252 gold pieces at shops.

Inventory:

Hand Weapons
 a - a +7 executioner's axe of chopping (weapon)
Armour
 b - a +1 pair of boots (worn)
 g - a +2 pair of gloves (worn)
 E - a +2 cloak (worn)
 L - a +2 plate armour of poison resistance (worn)
 O - the +1 helmet of Time Monsters (worn) {-Cast Dex+3 Stlth+}
   (You found it in an ice cave)

   It affects your dexterity (+3).
   It prevents spellcasting.
   It makes you more stealthy.
Jewellery
 p - the ring of Lucidity (right hand) {+Fly rN+ MR++ SInv Stlth-}
   (You bought it in a shop on level 1 of the Orcish Mines)

   [ring of see invisible]

   It protects you from negative energy.
   It affects your resistance to hostile enchantments.
   It lets you see invisible.
   It lets you fly.
   It makes you less stealthy.
 A - the amulet of Aduazi {Gourm rC++ Str+4}
   (You bought it in a shop on level 3 of the Snake Pit)

   [amulet of the gourmand]

   It allows you to eat raw meat even when not hungry.
   It affects your strength (+4).
   It greatly protects you from cold.
 C - an uncursed ring of protection from fire
 F - the ring of Alasizeo {rElec Str+4}
   (You found it on level 6 of the Lair of Beasts)

   [ring of strength]

   It affects your strength (+4).
   It insulates you from electricity.
 H - an amulet of regeneration (around neck)
 Q - a ring of protection from cold (left hand)
Scrolls
 f - 9 scrolls of remove curse
 i - a scroll of blinking
 j - 4 scrolls of fog
 k - 4 scrolls of identify
 r - 3 scrolls of fear
 s - 3 scrolls of magic mapping
 I - 4 scrolls of recharging
 K - 5 scrolls of teleportation
Potions
 d - 9 potions of agility
 e - 2 potions of resistance
 h - 3 potions of might
 n - 2 potions of curing
 o - 3 potions of brilliance
 t - a potion of invisibility
 u - 3 potions of flight
 v - 6 potions of heal wounds
 x - 4 potions of haste
 y - a potion of magic
 z - 2 potions of berserk rage
 B - 2 potions of ambrosia
 G - 2 potions of cancellation
Comestibles
 c - 14 bread rations
 l - 7 royal jellies
 m - 8 meat rations


   Skills:
 + Level 18.2 Fighting
 * Level 24.7 Axes
 + Level 16.4 Armour
 + Level 9.7 Dodging


You had 17 spell levels left.
You didn't know any spells.

Dungeon Overview and Level Annotations

Branches:
Dungeon (15/15)            Temple (0/1) D:6            Lair (6/6) D:10
 Shoals (4/4) Lair:4        Snake (4/4) Lair:3        Slime (0/5) Lair:5
    Orc (2/2) D:12            Elf (0/3) Orc:2        Vaults (0/5) D:13
 Depths (0/5) D:15

Altars:
Cheibriados
Dithmenos
Elyvilon
Fedhas
Gozag
Hepliaklqana
Makhleb
Nemelex Xobeh
Okawaru
Ru
Sif Muna
Wu Jian
Yredelemnul
Beogh
Jiyva

Shops:
D:8 (   D:11 [   D:15 *   Orc:1 *   Orc:2 :[%[:   Snake:3 %**(

Annotations:
D:8 exclusion: oklob plant
D:15 1 runed door
Shoals:4 Ilsuiw, Polyphemus


Message History

The javelin hits you!
* * * LOW HITPOINT WARNING * * *
You hear a splash.
The harpy barely misses you. The harpy claws you but does no damage.
Things that are here:
a javelin; a javelin of penetration; Huge Dmg: -7%(-11hp) hp: 14%(24hp) Unknown command.
Your surroundings suddenly seem different.
Splash!
You fall into the shallow water.
Moving in this stuff is going to be slow. ...and don't expect to remain undetected.
Polyphemus the Watchful Shepherd comes into view.
Polyphemus shouts, "Attack, my pets!
Attack!"
A catoblepas comes into view.
The catoblepas bellows!
A death yak comes into view.
The death yak bellows!
A harpy comes into view.
The harpy screeches!
A harpy comes into view.
The harpy screeches!
A merfolk comes into view. It is wielding a trident.
The merfolk shouts!
You hear a shout! x2
The merfolk javelineer throws a javelin.
The javelin hits you!
* * * LOW HITPOINT WARNING * * *
You hear a splash.
The merfolk throws a tomahawk.
The tomahawk hits you!
You die...

,,,,,,,≈≈≈≈≈≈≈≈≈≈≈≈≈≈≈≈≈,#(†(m(#,
,,,,,,,,,≈≈≈≈≈≈≈≈≈≈≈≈≈≈.,#≈≈H(≈#,
≈≈,,,≈≈,,≈≈m≈≈≈≈≈≈≈≈≈≈./,##≈((##,
≈≈,,,≈≈≈,≈≈≈≈≈≈≈≈≈≈≈≈..,,,##'##,,
≈**+**≈≈,m≈≈≈≈≈≈≈≈≈..#......≈≈≈..
**≈≈≈**≈,m.≈m≈≈≈≈...##....m.m≈≈[.
*≈≈≈≈≈*≈,./.≈≈≈≈≈..#*#......≈≈≈..
*≈≈≈≈≈*≈,.....≈≈≈≈.###.....≈t≈≈≈.
*≈≈≈≈≈*≈,(.....≈@H..##.....≈≈≈≈≈≈
**≈≈≈**≈,.................≈≈≈≈≈≈≈
≈*****≈≈,...........H≈≈m≈≈≈≈≈≈≈≈≈
≈≈≈≈≈≈≈,,.Y../.####.≈≈≈≈≈≈≈≈≈≈≈≈≈
,,,,,,,,,.C....,* *..≈≈≈≈≈≈≈≈≈≈≈≈
,≈,,,,,,,...Y..,***,.≈≈≈≈≈≈≈≈≈≈≈≈
,,,,,,,,,.≈...,,,,,,,≈≈≈≈≈≈≈≈≈≈≈≈
≈≈,,,,,,,≈≈≈≈≈,,,,,≈≈≈≈≈≈≈≈≈≈≈≈≈≈
≈≈≈≈,,,,,,,≈≈≈≈≈≈≈≈≈≈≈≈≈≈≈≈≈≈≈≈≈≈


You could see Polyphemus, a merfolk javelineer, a death yak, a catoblepas, 4
merfolk and 2 harpies.

Vanquished Creatures
  Vashnia (Snake:3)
  Nikola (Snake:3)
  Frances (D:12)
  7 nagarajas
  The ghost of Humpert the Thaumaturge, a journeyman DrCj of Sif Muna (D:14)
  A frost giant (IceCv)
  Louise (Snake:1)
  3 merfolk impalers
  Josephine (D:15)
  A fire dragon (Lair:6)
  2 yaktaur captains (D:15)
  Fannar (D:12)
  Erolcha (Orc:2)
  21 naga warriors
  4 vault guards (D:13)
  6 hydras
  8 anacondas
  9 two-headed ogres
  2 centaur warriors (D:15)
  2 ogre magi
  A tengu warrior (D:13)
  3 death yaks
  An alligator snapping turtle (Shoals:4)
  A death knight (D:15)
  7 orc high priests (Orc:2)
  2 shock serpents (Snake:2)
  The ghost of grom234 the Fighter, a novice HOFi of Beogh (D:9)
  18 naga sharpshooters
  4 sea snakes
  2 salamander mystics
  A skeletal warrior (D:15)
  4 naga ritualists
  A phantasmal warrior (D:15)
  2 lindwurms
  4 harpies (Shoals:1)
  A wolf spider (Lair:6)
  3 cyclopes
  6 fauns (Shoals:1)
  An ugly thing (D:13)
  8 manticores
  7 mana vipers
  3 merfolk sirens
  2 centaur zombies
  8 salamanders
  35 black mambas
  7 guardian serpents
  An ice statue (IceCv)
  5 torpor snails (Lair:6)
  34 naga magi
  The ghost of p0werm0de the Schismatic, a novice VSAK of Lugonu (D:7)
  16 spiny frogs
  A kobold demonologist (D:13)
  2 centaur skeletons
  2 yaktaurs (D:15)
  An efreet (D:13)
  4 komodo dragons
  A redback zombie (D:15)
  A freezing wraith (D:15)
  A rime drake (IceCv)
  A tengu conjurer (D:13)
  5 merfolk
  4 trolls
  A meliai (D:13)
  9 hornets
  16 polar bears (IceCv)
  3 blink frogs (Lair:1)
  4 tyrant leeches (Lair:6)
  5 wind drakes
  7 hippogriffs
  3 dream sheep (Shoals:1)
  4 slime creatures (D:14)
  2 meliai zombies (D:14)
  3 snapping turtles
  Sigmund (D:6)
  2 shadows
  A spriggan (D:8)
  3 redbacks (Lair:6)
  A water elemental (Shoals:2)
  4 wraiths
  9 wyverns
  40 yaks
  3 basilisks
  3 hungry ghosts
  7 vampire mosquitoes
  9 wargs
  53 nagas
  22 water moccasins
  A soldier ant (D:11)
  18 orc warriors
  A porcupine (shapeshifter) (D:15)
  5 porcupines
  2 phantoms
  5 sky beasts
  2 black bears
  A black bear (shapeshifter) (D:13)
  3 ice beasts
  27 wolves
  12 ogres
  10 centaurs
  17 crocodiles
  Blork the orc (D:6)
  2 big kobolds
  15 bullfrogs
  2 wyvern zombies
  A scorpion (D:6)
  46 killer bees
  3 wights (D:13)
  4 howler monkeys
  3 electric eels (Lair:5)
  2 lava snakes (Lair:6)
  6 crimson imps
  5 hounds
  A jelly (D:9)
  34 orc priests
  17 orc wizards
  A bullfrog skeleton (D:5)
  5 iguanas
  14 worker ants
  2 hound skeletons
  Robin (D:2)
  A gnoll (D:6)
  A howler monkey skeleton (D:4)
  9 adders
  4 shadow imps
  12 white imps (Lair:5)
  2 oozes
  2 adder zombies
  An adder skeleton (D:6)
  3 dart slugs
  3 worms
  2 leopard geckos
  101 orcs
  9 bats
  6 giant cockroaches
  17 goblins
  9 hobgoblins
  A jackal (D:6)
  14 kobolds
  6 quokkas
  2 ball pythons
  2 frilled lizards (D:1)
  A jackal skeleton (D:6)
  A quokka skeleton (D:8)
  A quokka zombie (D:7)
  3 rats
  8 plants
992 creatures vanquished.

Vanquished Creatures (collateral kills)
  Erica (D:9)
  A death yak (D:9)
  A centaur (D:9)
  An ogre (D:9)
  2 killer bees (D:9)
  A worker ant zombie (D:9)
  A leopard gecko (D:9)
8 creatures vanquished.

Vanquished Creatures (others)
  A water nymph (Shoals:4)
  An orc priest (D:13)
  A bush (Lair:6)
  4 fungi (Lair:6)
  36 plants
  12 toadstools (D:8)
55 creatures vanquished.

Grand Total: 1055 creatures vanquished

Notes
Turn   | Place    | Note
-------+----------+-------------------------------------------
     0 | D:1      | Monsterracer the Hill Orc Berserker began the quest for the Orb.
     0 | D:1      | Reached XP level 1. HP: 19/19 MP: 1/1
   124 | D:1      | Reached XP level 2. HP: 4/27 MP: 2/2
   915 | D:1      | Reached XP level 3. HP: 30/33 MP: 3/3
  1101 | D:2      | Reached ** piety under Trog
  1105 | D:2      | Reached skill level 5 in Axes
  1363 | D:2      | Noticed Robin
  1368 | D:2      | Reached XP level 4. HP: 40/40 MP: 4/4
  1372 | D:2      | Killed Robin
  1690 | D:2      | Found an iron altar of Okawaru.
  1945 | D:3      | Found a sacrificial altar of Ru.
  2135 | D:3      | Reached XP level 5. HP: 26/47 MP: 5/5
  2412 | D:3      | Reached skill level 6 in Axes
  2444 | D:3      | Reached *** piety under Trog
  2847 | D:3      | Found a faded altar of an unknown god.
  3101 | D:4      | Found a hazy altar of Hepliaklqana.
  3101 | D:4      | Found an ornate altar of the Wu Jian Council.
  3106 | D:4      | Reached XP level 6. HP: 55/55 MP: 6/6
  3158 | D:4      | Reached skill level 5 in Fighting
  3277 | D:4      | Found a shadowy altar of Dithmenos.
  3609 | D:4      | Found an opulent altar of Gozag.
  3671 | D:5      | Entered Level 5 of the Dungeon
  3960 | D:5      | Reached skill level 7 in Axes
  4041 | D:5      | Found a burning altar of Makhleb.
  4067 | D:5      | Found a blossoming altar of Fedhas.
  4068 | D:5      | Found a white marble altar of Elyvilon.
  4188 | D:5      | Noticed a sky beast
  4201 | D:5      | Killed a sky beast
  4201 | D:5      | Reached XP level 7. HP: 61/61 MP: 7/7
  4631 | D:5      | Reached skill level 8 in Axes
  4957 | D:6      | Reached skill level 5 in Armour
  4977 | D:6      | Reached skill level 9 in Axes
  4977 | D:6      | Reached XP level 8. HP: 59/71 MP: 8/8
  5172 | D:6      | You fall through a shaft for 2 floors!
  5351 | D:6      | Found a staircase to the Ecumenical Temple.
  5598 | D:6      | Found a basalt altar of Yredelemnul.
  5617 | D:6      | Noticed Blork the orc
  5715 | D:6      | Noticed Sigmund
  5728 | D:6      | Killed Sigmund
  5728 | D:6      | Reached skill level 10 in Axes
  5730 | D:6      | Reached **** piety under Trog
  5838 | D:6      | Killed Blork the orc
  5994 | D:7      | Noticed p0werm0de's ghost (novice VSAK)
  6006 | D:7      | Killed p0werm0de's ghost
  6006 | D:7      | Reached skill level 11 in Axes
  6006 | D:7      | Reached XP level 9. HP: 80/80 MP: 9/9
  6100 | D:7      | Found a sparkling altar of Nemelex Xobeh.
  6231 | D:7      | Found a deep blue altar of Sif Muna.
  6594 | D:8      | Found Falanag's Antique Weapon Emporium.
  6637 | D:8      | Found a snail-covered altar of Cheibriados.
  7190 | D:8      | Found a blossoming altar of Fedhas.
  7211 | D:8      | Noticed an oklob plant
  7384 | D:9      | Reached skill level 12 in Axes
  7560 | D:9      | Noticed Erica
  7577 | D:9      | Killed Erica
  7577 | D:9      | Reached skill level 13 in Axes
  7577 | D:9      | Reached XP level 10. HP: 54/91 MP: 10/10
  8650 | D:9      | Reached skill level 14 in Axes
  9000 | D:9      | Noticed grom234's ghost (novice HOFi)
  9009 | D:9      | Killed grom234's ghost
  9009 | D:9      | Reached skill level 10 in Fighting
  9760 | D:10     | Entered Level 10 of the Dungeon
  9792 | D:10     | Noticed a death yak
  9793 | D:10     | Noticed a death yak
  9794 | D:10     | Reached XP level 11. HP: 87/101 MP: 11/11
  9844 | D:9      | Killed a death yak
  9844 | D:9      | Reached skill level 15 in Axes
  9848 | D:9      | Killed a death yak
 10175 | D:10     | Noticed a death yak
 10191 | D:10     | Killed a death yak
 10448 | D:10     | Found a staircase to the Lair.
 10476 | D:10     | Noticed a two-headed ogre
 10488 | D:10     | Killed a two-headed ogre
 10585 | Lair:1   | Entered Level 1 of the Lair of Beasts
 10990 | Lair:1   | Reached skill level 10 in Armour
 11039 | Lair:1   | Reached skill level 16 in Axes
 11697 | Lair:2   | Noticed a seven-headed hydra
 11707 | Lair:2   | Killed a seven-headed hydra
 11836 | Lair:2   | Reached XP level 12. HP: 82/111 MP: 12/12
 12885 | Lair:3   | Reached ***** piety under Trog
 13376 | Lair:3   | Found a staircase to the Snake Pit.
 13526 | Lair:3   | Reached skill level 17 in Axes
 15282 | Lair:4   | Noticed a six-headed hydra
 15290 | Lair:4   | Killed a six-headed hydra
 15568 | Lair:4   | Found a staircase to the Shoals.
 15900 | Lair:5   | Reached skill level 18 in Axes
 16039 | Lair:5   | Found a frozen archway.
 16091 | IceCv    | Entered an ice cave
 16432 | IceCv    | Reached XP level 13. HP: 112/119 MP: 13/13
 16931 | IceCv    | Noticed a frost giant
 16940 | IceCv    | Reached skill level 19 in Axes
 16952 | IceCv    | Killed a frost giant
 16995 | IceCv    | Got a slimy helmet
 17006 | IceCv    | Identified the +1 helmet of Time Monsters {-Cast Dex+3 Stlth+} (You found it in an ice cave)
 17655 | Lair:5   | Found a viscous altar of Jiyva.
 17655 | Lair:5   | Found a staircase to the Slime Pits.
 17775 | Lair:5   | Reached ****** piety under Trog
 18157 | Lair:6   | Entered Level 6 of the Lair of Beasts
 18261 | Lair:6   | Received a gift from Trog
 18576 | Lair:6   | Got a vibrating platinum ring
 18577 | Lair:6   | Identified the ring of Alasizeo {rElec Str+4} (You found it on level 6 of the Lair of Beasts)
 18676 | Lair:6   | Found a runed door.
 18774 | Lair:6   | Noticed a fire dragon
 18780 | Lair:6   | Killed a fire dragon
 18870 | Lair:6   | Paralysed by a hornet for 2 turns
 19052 | Lair:6   | Reached XP level 14. HP: 113/132 MP: 14/14
 19054 | Lair:6   | Reached skill level 20 in Axes
 19178 | Lair:6   | Received a gift from Trog
 20280 | D:11     | Found Puivyj's Armour Emporium.
 20414 | D:11     | Reached skill level 15 in Fighting
 20461 | D:11     | Received a gift from Trog
 20640 | D:12     | Noticed Frances
 20653 | D:12     | Killed Frances
 20655 | D:12     | Found the +4 Vampire's Tooth {vamp}
 20669 | D:12     | HP: 6/135 [ogre/giant club (16)]
 20674 | D:12     | HP: 5/135 [poisoned by Frances]
 20679 | D:12     | HP: 5/135 [poisoned by Frances]
 21365 | D:12     | Noticed Fannar
 21381 | D:12     | Killed Fannar
 21530 | D:12     | Found a staircase to the Orcish Mines.
 21723 | Orc:1    | Entered Level 1 of the Orcish Mines
 21848 | D:13     | Found a gate to the Vaults.
 21855 | D:13     | Reached skill level 5 in Dodging
 21863 | D:13     | Received a gift from Trog
 22076 | D:13     | Reached XP level 15. HP: 141/141 MP: 15/15
 22805 | D:14     | Reached skill level 21 in Axes
 22826 | D:14     | Identified the +5 ring mail of the Duchess {rElec rC- rN+} (You found it on level 14 of the Dungeon)
 23179 | D:14     | Noticed Humpert's ghost (journeyman DrCj)
 23209 | D:14     | Killed Humpert's ghost
 23572 | D:15     | Entered Level 15 of the Dungeon
 23606 | D:15     | Noticed Josephine
 23617 | D:15     | Killed Josephine
 23617 | D:15     | Received a gift from Trog
 23620 | D:15     | Got an encrusted broad axe {god gift}
 23647 | D:15     | Identified the +6 broad axe of Abomination {chop, rN+ Int+2} (Trog gifted it to you on level 15 of the Dungeon)
 23721 | D:15     | Found Ecwis's General Store.
 23813 | D:15     | Bought a scroll of enchant armour for 97 gold pieces
 24256 | D:15     | Noticed a tengu reaver
 24452 | D:15     | Found a staircase to the Depths.
 24550 | D:15     | Found a runed door.
 24932 | Snake:1  | Entered Level 1 of the Snake Pit
 24955 | Snake:1  | Received a gift from Trog
 25580 | Orc:1    | Found a roughly hewn altar of Beogh.
 25599 | Orc:1    | Found Mylan's Assorted Antiques.
 25607 | Orc:1    | Bought a scorched pewter ring for 150 gold pieces
 25607 | Orc:1    | Identified the ring of Lucidity {+Fly rN+ MR++ SInv Stlth-} (You bought it in a shop on level 1 of the Orcish Mines)
 25850 | Orc:2    | Entered Level 2 of the Orcish Mines
 25900 | Orc:2    | Reached skill level 22 in Axes
 25929 | Orc:2    | Reached XP level 16. HP: 125/152 MP: 16/16
 25947 | Orc:2    | Found Ege Xed's Antique Armour Shoppe.
 25947 | Orc:2    | Found Roqenugge's Book Shop.
 26092 | Orc:2    | Noticed Erolcha
 26099 | Orc:2    | Killed Erolcha
 26227 | Orc:2    | Found a roughly hewn altar of Beogh.
 26236 | Orc:2    | Received a gift from Trog
 26281 | Orc:2    | Found Mose's Book Shoppe.
 26281 | Orc:2    | Found Uden Ycs's Armour Shop.
 26447 | Orc:2    | Found a staircase to the Elven Halls.
 26497 | Orc:2    | Found Gaarrij's Food Shop.
 27660 | Snake:1  | Noticed a nagaraja
 27672 | Snake:1  | Killed a nagaraja
 27674 | Snake:1  | Received a gift from Trog
 27739 | Snake:1  | Noticed Louise
 27758 | Snake:1  | Killed Louise
 27758 | Snake:1  | Reached skill level 15 in Armour
 29185 | Snake:2  | Reached skill level 23 in Axes
 29441 | Snake:2  | Received a gift from Trog
 30140 | Snake:3  | Noticed Nikola
 30149 | Snake:3  | Killed Nikola
 30149 | Snake:3  | Reached XP level 17. HP: 161/161 MP: 17/17
 30268 | Snake:3  | Found Ceal's Antique Weapon Emporium.
 30268 | Snake:3  | Found Dagobamp's Food Shoppe.
 30270 | Snake:3  | Found Voqa's Assorted Antiques.
 30271 | Snake:3  | Found Fiolap's Assorted Antiques.
 30462 | Snake:3  | Bought a potion of curing for 81 gold pieces
 30468 | Snake:3  | Bought a transparent chain mail for 323 gold pieces
 30468 | Snake:3  | Bought a slimy ruby amulet for 170 gold pieces
 30468 | Snake:3  | Identified the +1 chain mail of Focus {+Blink} (You bought it in a shop on level 3 of the Snake Pit)
 30470 | Snake:3  | Identified the amulet of Aduazi {Gourm rC++ Str+4} (You bought it in a shop on level 3 of the Snake Pit)
 30477 | Snake:3  | Bought a scroll of identify for 54 gold pieces
 30477 | Snake:3  | Bought a scroll of identify for 54 gold pieces
 30483 | Snake:3  | Bought an ichor-stained chain mail for 323 gold pieces
 30483 | Snake:3  | Identified the +3 chain mail of Atheism {Str+3 Stlth+} (You bought it in a shop on level 3 of the Snake Pit)
 30818 | Snake:3  | Noticed Vashnia
 31281 | Snake:3  | Killed Vashnia
 31567 | Snake:4  | Entered Level 4 of the Snake Pit
 31586 | Snake:4  | Received a gift from Trog
 31952 | Snake:4  | Received a gift from Trog
 31970 | Snake:4  | Reached skill level 24 in Axes
 32599 | Snake:4  | Got a serpentine rune of Zot
 32610 | Snake:4  | Reached XP level 18. HP: 130/171 MP: 18/18
 32824 | Shoals:1 | Entered Level 1 of the Shoals
 33163 | Shoals:1 | Received a gift from Trog
 33334 | Shoals:4 | Entered Level 4 of the Shoals
 33434 | Shoals:4 | Noticed Ilsuiw
 33552 | Shoals:4 | HP: 6/172 [merfolk javelineer/javelin of penetration (7)]
 33555 | Shoals:4 | Got a barnacled rune of Zot
 33562 | Shoals:4 | Noticed Polyphemus
 33562 | Shoals:4 | Hit by a tomahawk thrown by a merfolk

Vault maps used:
D:1:      lightli_arrival_lavapool
D:2:      nicolae_overflow_hidden_temple, uniq_robin
D:3:      kennysheep_big_flooded_room, lemuel_doored_altar, first_bread,
          chequers_ecumenical_altar_grove
D:4:      chequers_temple_overflow_statue_of_worship, kennysheep_little_box,
          lemuel_crystal_altar
D:5:      kennysheep_mini, gammafunk_temple_overflow_statue, minivault_14
D:6:      lemuel_crystal_altar, minmay_temple_entry_statues,
          lightli_ossuary_entry_decrepit_ruins, minmay_joined_circles,
          uniq_blork_the_orc, uniq_sigmund
D:7:      lemuel_crystal_altar, kennysheep_doodads, kennysheep_cluttered_room,
          nemelex_xobeh_ov_fountains_minmay
D:8:      nicolae_overflow_crystal_walls, serial_shops, shop_fountains,
          the_bakery, tgw_fedhas
D:9:      wad_woods_minihive, uniq_erica
D:10:     dpeg_lair_monsters
D:11:     serial_shops, shop
D:12:     david_orc_4, uniq_frances, uniq_fannar
D:13:     lightli_vaults_fourway_checkpoint, lab_entry_generic
D:15:     grunt_enter_depths_snipers, serial_shops, shop_statue,
          minmay_hidden_floor, uniq_josephine
Lair:1:   nicolae_quartered_pool_little, grunt_megastairs_4
Lair:3:   guppyfry_snake_entry_island
Lair:4:   cheibrodos_lair_overgrown_chateau, elwin_shoals_entry_rocks,
          minivault_19
Lair:5:   dpeg_slime_entry_enclosed_altar, portal_ice_cave_entry_imps,
          lookout_lair_type, serial_bayou_shore_a
Lair:6:   hangedman_lair_tendril_chambers, wormcave, minivault_23,
          disabler_island
Shoals:2: uniq_aizul
Shoals:3: nicolae_shoals_isolated_beach
Shoals:4: shoals_end_simple, shoals_ilsuiw_alternative, nicolae_shoals_mertower,
          uniq_ilsuiw, uniq_polyphemus
Snake:1:  nicolae_snake_hallway, st_stairs_6, uniq_louise
Snake:3:  lemuel_fruit_tree, minmay_shoptagon, uniq_nikola, uniq_vashnia
Snake:4:  snake_pit, serial_curves, eino_curves_04, eino_curves_04, spider_trap
Orc:1:    basic_altar, serial_shops, nicolae_shop_overgrown_old_shop
Orc:2:    st_orc_town, serial_shops, shop, uniq_erolcha
IceCv:    ice_cave_caverns_01

Skill      XL: |  1  2  3  4  5  6  7  8  9 10 11 12 13 14 15 16 17 18 |
---------------+-------------------------------------------------------+-----
Fighting       | 4 5 6 7 9 10 11 12 14 15 16 17 18 | 18.2
Axes           | 5 6 7 9 11 13 14 16 18 19 20 22 23 24 | 24.7
Armour         | 3 4 5 6 8 9 10 11 12 13 14 15 16 | 16.4
Dodging        | 3 5 7 8 9 |  9.7

Action                   |  1- 3 |  4- 6 |  7- 9 | 10-12 | 13-15 | 16-18 || total
-------------------------+-------+-------+-------+-------+-------+-------++-------
Melee: Hand axe          |   116 |    25 |       |       |       |       ||   141
       War axe           |       |   162 |   302 |   608 |   192 |       ||  1264
       Morningstar       |       |       |       |    14 |       |       ||    14
       Battleaxe         |       |       |       |       |   817 |   137 ||   954
       Demon trident     |       |       |       |       |    12 |       ||    12
       Executioner's axe |       |       |       |       |    19 |   635 ||   654
Invok: Berserk           |     3 |     2 |     5 |    17 |    18 |     9 ||    54
       Brothers in Arms  |       |       |     2 |     1 |     1 |       ||     4
       Trog's Hand       |       |       |     2 |       |       |     1 ||     3
       Burn Spellbooks   |       |       |       |       |     3 |     2 ||     5
  Use: Scroll            |       |    13 |    10 |     7 |    19 |    13 ||    62
       Potion            |       |       |     3 |       |     3 |     3 ||     9
  Eat: Chunk             |     3 |    11 |    14 |    24 |    40 |    14 ||   106
       Royal jelly       |       |       |     1 |     5 |     2 |       ||     8
       Meat ration       |       |       |       |     2 |     1 |     3 ||     6
       Fruit             |       |       |       |     3 |       |     6 ||     9
Armor: Animal skin       |    16 |       |       |       |       |       ||    16
       Plate armour      |    48 |   141 |   301 |   456 |   580 |   514 ||  2040
       Skin              |       |       |       |       |    21 |       ||    21
Dodge: Dodged            |    67 |    71 |   129 |   250 |   428 |   433 ||  1378

Table legend:
 A = Spawn XP
 B = Non-spawn XP
 C = Spawn XP percentage of total XP
 D = Spawn monster count
 E = Non-spawn monster count
 F = Spawn count percentage of total count
 G = Total turns spent on level
                    A         B        C        D         E        F      G
               +---------+---------+-------+---------+---------+-------+---------
         Total |       0 |  267511 |   0.0 |       0 |     992 |   0.0 | 33562
               +---------+---------+-------+---------+---------+-------+---------
           D:1 |       0 |      44 |   0.0 |       0 |      23 |   0.0 |  1088
           D:2 |       0 |      82 |   0.0 |       0 |      27 |   0.0 |   717
           D:3 |       0 |     143 |   0.0 |       0 |      28 |   0.0 |  1107
           D:4 |       0 |      89 |   0.0 |       0 |       8 |   0.0 |   886
           D:5 |       0 |     422 |   0.0 |       0 |      17 |   0.0 |  1034
           D:6 |       0 |    1280 |   0.0 |       0 |      28 |   0.0 |   911
           D:7 |       0 |     525 |   0.0 |       0 |      12 |   0.0 |   794
           D:8 |       0 |     827 |   0.0 |       0 |      13 |   0.0 |   940
           D:9 |       0 |    6771 |   0.0 |       0 |      70 |   0.0 |  2653
          D:10 |       0 |    3180 |   0.0 |       0 |      21 |   0.0 |   904
          D:11 |       0 |    2473 |   0.0 |       0 |      19 |   0.0 |   607
          D:12 |       0 |    7645 |   0.0 |       0 |      43 |   0.0 |  1285
          D:13 |       0 |   13926 |   0.0 |       0 |      50 |   0.0 |   804
          D:14 |       0 |    7517 |   0.0 |       0 |      29 |   0.0 |   965
          D:15 |       0 |   18385 |   0.0 |       0 |      47 |   0.0 |  1187
        Lair:1 |       0 |    2891 |   0.0 |       0 |      15 |   0.0 |   915
        Lair:2 |       0 |    3273 |   0.0 |       0 |      13 |   0.0 |  1536
        Lair:3 |       0 |    2698 |   0.0 |       0 |      13 |   0.0 |  1279
        Lair:4 |       0 |    5684 |   0.0 |       0 |      21 |   0.0 |  1841
        Lair:5 |       0 |    2189 |   0.0 |       0 |      25 |   0.0 |  1536
        Lair:6 |       0 |   23118 |   0.0 |       0 |      82 |   0.0 |  1637
      Shoals:1 |       0 |   14327 |   0.0 |       0 |      29 |   0.0 |   448
      Shoals:2 |       0 |     803 |   0.0 |       0 |       3 |   0.0 |    52
      Shoals:3 |       0 |    1043 |   0.0 |       0 |       1 |   0.0 |    94
      Shoals:4 |       0 |    4213 |   0.0 |       0 |       8 |   0.0 |   144
       Snake:1 |       0 |   30984 |   0.0 |       0 |      58 |   0.0 |  1647
       Snake:2 |       0 |   20513 |   0.0 |       0 |      36 |   0.0 |  1927
       Snake:3 |       0 |   32284 |   0.0 |       0 |      44 |   0.0 |  1141
       Snake:4 |       0 |   34456 |   0.0 |       0 |      60 |   0.0 |   930
         Orc:1 |       0 |    1732 |   0.0 |       0 |      14 |   0.0 |   504
         Orc:2 |       0 |   10863 |   0.0 |       0 |      82 |   0.0 |  1094
         IceCv |       0 |   13131 |   0.0 |       0 |      53 |   0.0 |   955
               +---------+---------+-------+---------+---------+-------+---------

Vault maps used:
D:1:      lightli_arrival_lavapool
D:2:      nicolae_overflow_hidden_temple, uniq_robin
D:3:      kennysheep_big_flooded_room, lemuel_doored_altar, first_bread,
          chequers_ecumenical_altar_grove
D:4:      chequers_temple_overflow_statue_of_worship, kennysheep_little_box,
          lemuel_crystal_altar
D:5:      kennysheep_mini, gammafunk_temple_overflow_statue, minivault_14
D:6:      lemuel_crystal_altar, minmay_temple_entry_statues,
          lightli_ossuary_entry_decrepit_ruins, minmay_joined_circles,
          uniq_blork_the_orc, uniq_sigmund
D:7:      lemuel_crystal_altar, kennysheep_doodads, kennysheep_cluttered_room,
          nemelex_xobeh_ov_fountains_minmay
D:8:      nicolae_overflow_crystal_walls, serial_shops, shop_fountains,
          the_bakery, tgw_fedhas
D:9:      wad_woods_minihive, uniq_erica
D:10:     dpeg_lair_monsters
D:11:     serial_shops, shop
D:12:     david_orc_4, uniq_frances, uniq_fannar
D:13:     lightli_vaults_fourway_checkpoint, lab_entry_generic
D:15:     grunt_enter_depths_snipers, serial_shops, shop_statue,
          minmay_hidden_floor, uniq_josephine
Lair:1:   nicolae_quartered_pool_little, grunt_megastairs_4
Lair:3:   guppyfry_snake_entry_island
Lair:4:   cheibrodos_lair_overgrown_chateau, elwin_shoals_entry_rocks,
          minivault_19
Lair:5:   dpeg_slime_entry_enclosed_altar, portal_ice_cave_entry_imps,
          lookout_lair_type, serial_bayou_shore_a
Lair:6:   hangedman_lair_tendril_chambers, wormcave, minivault_23,
          disabler_island
Shoals:2: uniq_aizul
Shoals:3: nicolae_shoals_isolated_beach
Shoals:4: shoals_end_simple, shoals_ilsuiw_alternative, nicolae_shoals_mertower,
          uniq_ilsuiw, uniq_polyphemus
Snake:1:  nicolae_snake_hallway, st_stairs_6, uniq_louise
Snake:3:  lemuel_fruit_tree, minmay_shoptagon, uniq_nikola, uniq_vashnia
Snake:4:  snake_pit, serial_curves, eino_curves_04, eino_curves_04, spider_trap
Orc:1:    basic_altar, serial_shops, nicolae_shop_overgrown_old_shop
Orc:2:    st_orc_town, serial_shops, shop, uniq_erolcha
IceCv:    ice_cave_caverns_01
